cohdb
Replays
Latest Replays
All Replays
Popular Replays
Top Player Replays
Match Explorer
How It Works
Community
CoH3 Stats
Reddit
Sign in to upload your games and track your stats! →
Sign in with Steam
Match 44691913
Unlisted
Match 44691913
Overview
Messages
Build Orders
End
Kradschützen Motorcycle Team
Panzergrenadier Squad
Panzergrenadier Squad
Construct Light Support Kompanie
Fire Support Elements
Selects Armored Support Battlegroup
Selects Salvage Kits
MG34 Team
Selects Veteran Gunners
Flakvierling Half-track
Panzerjäger Mechanized Group
2.5-tonne Medical Truck
Vehicle Survival Package
Veteran Squad Leaders
Construct Panzerarmee Kommand
Pak 38 Mechanized Group
Walking Stuka Rocket Launcher
Selects Panzer Storm
Selects Stuka Dive Bomb
Panzerpioneer Squad
Panzer III L Medium Tank
Stuka Dive Bomb
Bananenratte
Nico-Nico-Nii~~
C.R575
pensss
0
0
Comments
sign in to comment!
No comments posted yet!